 Dungeon Crawl Stone Soup version 0.20.0-10-g0535bb4 (webtiles) character file.

67 grindst0ne the Sneak (level 3, -1/27 HPs)
             Began as a Vampire Assassin on June 7, 2017.
             Killed from afar by Natasha (3 damage)
             ... with a magic dart
             ... on level 2 of the Dungeon.
             The game lasted 00:04:56 (4483 turns).

grindst0ne the Sneak (Vampire Assassin)             Turns: 4483, Time: 00:04:57

Health: -1/27      AC:  4    Str: 15    XL:     3   Next: 98%
Magic:  3/3        EV: 13    Int: 18    God:
Gold:   68         SH:  0    Dex: 16    Spells: 2/2 levels left

rFire    . . .     SeeInvis +   a - +2 dagger
rCold    . . .     Gourm    .   (no shield)
rNeg     + . .     Faith    .   c - +0 robe
rPois    .         Spirit   .   (no helmet)
rElec    .         Reflect  .   d - +0 cloak
rCorr    .         Harm     .   r - +0 pair of gloves
MR       .....                  (no boots)
Stlth    +++.......             (no amulet)
Regen    0.1/turn               (no ring)
MPRegen  0.1/turn               (no ring)

@: mighty, brilliant, hasted, very quick
A: fangs 3, see invisible, unbreathing
a: Bat Form


You were on level 2 of the Dungeon.
You were not thirsty.

You visited 1 branch of the dungeon, and saw 2 of its levels.

You collected 68 gold pieces.

Inventory:

Hand Weapons
 a - a +2 dagger (weapon)
 b - a +0 blowgun
Missiles
 e - 8 poisoned needles
 f - 10 curare-tipped needles
Armour
 c - a +0 robe (worn)
 d - a +0 cloak (worn)
 r - a +0 pair of gloves (worn)
Scrolls
 i - a scroll of recharging {unknown}
 j - 4 scrolls of identify {unknown}
 k - 3 scrolls of magic mapping {unknown}
 m - 3 scrolls of noise {unknown}
 o - a scroll of amnesia {unknown}
 q - a scroll of teleportation {unknown}
Potions
 g - 6 potions of blood
 h - 3 potions of brilliance
 p - a potion of curing


   Skills:
 - Level 1.7 Fighting
 + Level 3.2 Short Blades
 - Level 1.5 Throwing
 + Level 2.7 Dodging
 + Level 6.6 Stealth


You had 2 spell levels left.
You didn't know any spells.

Dungeon Overview and Level Annotations

Branches:
Dungeon (2/15)

Altars:
Zin

Annotations:
D:2 Natasha


Innate Abilities, Weirdness & Mutations

You have razor-sharp teeth.
You have supernaturally acute eyesight. (SInv)
You can survive without breathing.


Message History

It was a potion of curing.
You feel better.
The ball python hisses angrily.
There is a large open door here.
Natasha, Servant of Life and Death comes into view.
Natasha hisses angrily.
The ball python bites you.
* * * LOW HITPOINT WARNING * * *
The ball python grabs you. The ball python constricts you.
There is a large open door here.
You escape the ball python's grasp.
Natasha drinks a potion.
Natasha seems to speed up.
There is a large open door here.
Things that are here:
a club; a frilled lizard skeleton Natasha stares at you and mumbles some strange words.
The magic dart hits you!
* * * LOW HITPOINT WARNING * * *
Natasha stares at you and mumbles some strange words.
The magic dart hits you!
You die...

##...###
#.....#####...S..#......
###.#
#.....##.S...).###......
#.# #####.##.##..#.#
##..S.. #.######
#.##h##..#.# ##....
#......# #....)...#.#
##..h
###########...########
##.. #..'...+ ##.
#..#...# ### ####..@#
#.. #...# .... #...#
#### +...+ #...# #...# .
#...# # #...#


You could see Natasha and a ball python.

Vanquished Creatures
  An adder (D:2)
  2 worms (D:2)
  A dart slug (D:1)
  2 leopard geckos
  2 ball pythons (D:2)
  2 bats
  2 giant cockroaches (D:1)
  6 goblins
  7 hobgoblins
  3 jackals (D:2)
  6 kobolds
  A quokka (D:2)
  6 frilled lizards
  4 rats
45 creatures vanquished.

Notes
Turn   | Place    | Note
-------+----------+-------------------------------------------
     0 | D:1      | grindst0ne the Vampire Assassin began the quest for the Orb.
     0 | D:1      | Reached XP level 1. HP: 16/16 MP: 1/1
    15 | D:1      | Reached skill level 6 in Stealth
   213 | D:1      | Reached XP level 2. HP: 21/22 MP: 2/2
  2289 | D:1      | Found a glowing silver altar of Zin.
  2956 | D:2      | Reached XP level 3. HP: 16/27 MP: 3/3
  4442 | D:2      | HP: 1/27 [poisoned by an adder]
  4455 | D:2      | Noticed Natasha
  4483 | D:2      | Killed from afar by Natasha

Skill      XL: |  1  2  3 |
---------------+----------+-----
Stealth        | 6 |  6.6
Dodging        | 2 |  2.7
Short Blades   | 3 |  3.2
Fighting       | |  1.7
Throwing       | |  1.5

Action                   || total
-------------------------++-------
Melee: Dagger            ||   140
       Bite              ||    12
  Use: Potion            ||    10
 Stab: Sleeping          ||    10
       Distracted        ||     1
Armor: Robe              ||    17
Dodge: Dodged            ||    93
